 Dungeon Crawl Stone Soup version 0.29.1-2-gbd0b4ee654 (webtiles) character file.

Game seed: 7987330248476684753

109 qeuew the Poker (level 4, -4/35 HPs)
             Began as a Merfolk Gladiator on Nov 10, 2022.
             Slain by a hornet zombie (11 damage)
             ... in an ossuary.
             The game lasted 00:03:28 (2619 turns).

qeuew the Poker (Merfolk Gladiator)                 Turns: 2619, Time: 00:03:28

Health: -4/35      AC:  6    Str: 16    XL:     4   Next: 90%
Magic:  4/4        EV: 15    Int:  7    God:
Gold:   151        SH:  0    Dex: 15    Spells: 3/3 levels left

rFire   . . .      SeeInvis .   a - +0 trident
rCold   . . .      Faith    .   (no shield)
rNeg    . . .      Spirit   .   g - +0 ring mail
rPois   .          Reflect  .   c - +0 helmet
rElec   .          Harm     .   (no cloak)
rCorr   +          Rampage  .   (no gloves)
Will    .....                   (boots currently unavailable)
Stlth   ++........              (no amulet)
HPRegen 0.11/turn               f - ring of resist corrosion
MPRegen 0.09/turn               (no ring)

@: mighty, slowed, quick
A: nimble swimmer 2, mertail
a: no special abilities


You were in an ossuary.
You visited 1 branch of the dungeon, and saw 4 of its levels.
You also visited: Ossuary.

You collected 151 gold pieces.

Inventory:

Hand Weapons
 a - a +0 trident (weapon)
Missiles
 d - 3 throwing nets (quivered)
 e - a javelin
Armour
 c - a +0 helmet (worn)
 g - a +0 ring mail (worn)
Jewellery
 f - a ring of resist corrosion (left hand)
Potions
 b - a potion of invisibility {unknown}
 h - a potion of might


   Skills:
 + Level 3.1 Fighting
 + Level 4.7 Polearms
 + Level 2.8 Throwing
 + Level 1.2 Armour
 + Level 4.7 Dodging


You had 3 spell levels left.
You didn't know any spells.
Your spell library contained the following spells:

 Spells                   Type           Power      Damage    Failure   Level
 Apportation              Tloc           0%         N/A       65%         1
 Foxfire                  Conj/Fire      0%         2x1d4     65%         1
 Magic Dart               Conj           0%         1d3       65%         1
 Necrotise                Necr           0%         1d4       65%         1
 Sting                    Tmut/Pois      0%         1d3       65%         1
 Summon Small Mammal      Summ           0%         N/A       65%         1
 Call Imp                 Summ           0%         N/A       80%         2
 Ensorcelled Hibernation  Hex/Ice        0%         N/A       80%         2
 Passwall                 Tmut/Erth      0%         N/A       80%         2
 Poisonous Vapours        Pois/Air       0%         N/A       80%         2
 Conjure Flame            Conj/Fire      0%         6-21      95%         3
 Inner Flame              Hex/Fire       0%         N/A       95%         3
 Mephitic Cloud           Conj/Pois/Air  0%         N/A       95%         3
 Swiftness                Air            0%         N/A       95%         3
 Flame Wave               Conj/Fire      0%         2d4       100%        4
 Hailstorm                Conj/Ice       0%         3d3       100%        4
 Ice Form                 Ice/Tmut       0%         N/A       100%        4
 Olgreb's Toxic Radiance  Pois           0%         N/A       100%        4
 Simulacrum               Ice/Necr       0%         N/A       100%        6


Dungeon Overview and Level Annotations

Branches:
Dungeon (4/15)            Ossuary (1/1)
 Temple: D:4-7

Altars:

Annotations:
D:2 1 runed translucent door, Crazy Yiuf


Innate Abilities, Weirdness & Mutations

You are very nimble when in or above water. (Stealth+, EV+, Speed+++)
Your lower body shifts to a powerful aquatic tail in water.


Message History

You hit the bog mummy but do no damage. You tail-slap the bog mummy.
The bog mummy is heavily damaged.
The bog mummy points at you and mumbles some strange words.
You resist with some effort.
You hit the bog mummy but do no damage.
The bog mummy is heavily damaged.
The bog mummy hits you! The bog mummy casts a spell at you.
You resist with some effort.
You barely miss the bog mummy.
The bog mummy is heavily damaged.
The bog mummy hits you but does no damage.
A hornet zombie comes into view.
The bog mummy casts a spell at you. You resist with some effort.
You hit the bog mummy.
The bog mummy is severely damaged.
The bog mummy points at you and mumbles some strange words.
You resist with some effort. The bog mummy barely misses you.
You barely miss the bog mummy.
The bog mummy is severely damaged.
The bog mummy closely misses you.
The bog mummy gestures at you while chanting.
You resist with some effort.
You hit the bog mummy.
The bog mummy is almost destroyed.
The hornet zombie hits you! x2
* * * LOW HITPOINT WARNING * * *
The bog mummy hits you.
* * * LOW HITPOINT WARNING * * *
The bog mummy misses you.
You feel better.
The hornet zombie hits you but does no damage.
The hornet zombie hits you.
* * * LOW HITPOINT WARNING * * *
The bog mummy gestures at you while chanting.
The puff of frost misses you. The bog mummy completely misses you.
You feel very mighty all of a sudden. The hornet zombie closely misses you.
The hornet zombie hits you!
You die...

##### #..∩# #.∩.#
#...#
#~#.##~##+##~##.
#~P~~.~~Z@MZ..~.~
####~#.~~#M~~#.~~
# #P~P#.#.~P#
##~#### ~≈# #≈≈
≈# ≈≈≈ # ≈≈#≈ ≈≈


You could see 2 bog mummies, a hornet zombie and a centaur zombie.

Vanquished Creatures
  A gnoll (D:1)
  3 adders
  An ufetubus (D:4)
  3 dart slugs
  2 orcs (D:3)
  6 endoplasms
  4 giant cockroaches
  9 goblins
  A hobgoblin (D:1)
  5 jackals
  6 kobolds
  3 quokkas
  2 ball pythons
  4 bats
  2 frilled lizards
  2 rats
54 creatures vanquished.

Vanquished Creatures (others)
  A withered plant (Ossuary)
1 creature vanquished.

Grand Total: 55 creatures vanquished

Notes
Turn   | Place    | Note
-------+----------+-------------------------------------------
     0 | D:1      | qeuew the Merfolk Gladiator began the quest for the Orb.
     0 | D:1      | Reached XP level 1. HP: 16/16 MP: 1/1
    96 | D:1      | Reached XP level 2. HP: 15/23 MP: 2/2
   388 | D:1      | Reached XP level 3. HP: 24/28 MP: 3/3
   485 | D:1      | Found a faded altar of an unknown god.
  1262 | D:2      | Found a runed translucent door.
  1263 | D:2      | Noticed Crazy Yiuf
  1683 | D:3      | Reached XP level 4. HP: 33/34 MP: 4/4
  1693 | D:3      | Reached skill level 1 in Armour
  2543 | D:4      | Found a sand-covered staircase.
  2552 | Ossuary  | Entered an ossuary
  2619 | Ossuary  | Slain by a hornet zombie

Illustrated notes

Levels and vault maps discovered:
D:1:      tarquinn_simple_flora_water_f, layout_rooms,
          hellmonk_ecumenical_altar_pennies_from_heaven
D:2:      layout_basic, uniq_crazy_yiuf_cottage
D:3:      layout_basic
D:4:      layout_gridville, nicolae_ossuary_entry_ruins
Ossuary:  ossuary_zaba_flooded

Skill      XL: |  1  2  3  4 |
---------------+-------------+-----
Armour         | 1 |  1.2
Fighting       | 3 |  3.1
Polearms       | |  4.7
Throwing       | |  2.8
Dodging        | |  4.7

Action                   |  1- 3 |  4- 6 || total
-------------------------+-------+-------++-------
Melee: Trident           |   109 |    87 ||   196
       Tailslap          |       |     2 ||     2
  Use: Scroll            |     6 |       ||     6
       Potion            |     1 |     5 ||     6
 Stab: Sleeping          |     2 |     1 ||     3
Armor: Leather armour    |    31 |       ||    31
       Ring mail         |       |    27 ||    27
Dodge: Dodged            |    63 |    52 ||   115
